 Dungeon Crawl Stone Soup version 0.30-a0-1160-g6e42c06551 (webtiles) character file.

Game seed: 6893517855569405764

2076 voltaire321 the Sneak (level 9, 0/59 HPs)
             Began as an Octopode Hedge Wizard on Apr 25, 2023.
             Was an Initiate of Gozag.
             Slain by a wight
             ... wielding a +1 hand axe
              (9 damage)
             ... on level 7 of the Dungeon.
             The game lasted 00:19:00 (7038 turns).

voltaire321 the Sneak (Octopode Hedge Wizard)       Turns: 7038, Time: 00:19:00

Health: 0/59       AC:  1    Str: 12    XL:     9   Next: 26%
Magic:  13/16      EV: 14    Int: 23    God:    Gozag
Gold:   746        SH:  4    Dex: 13    Spells: 13/18 levels left

rFire   . . .        m - +3 whip of Truncation {speed, Str+2 Int+3 Dex+2 Stlth-}
rCold   . . .        I - +0 buckler
rNeg    . . .        b - +0 hat
rPois   .            (no amulet)
rElec   .            (no ring)
rCorr   .            (no ring)
SInv    .            (no ring)
Will    .....        (no ring)
Stlth   +++          (no ring)
HPRegen 0.29/turn    (no ring)
MPRegen 0.15/turn    (no ring)
                     (no ring)

%: no passive effects
@: gold aura
A: almost no armour, amphibious, 8 rings, camouflage 1, gelatinous body 1,
(nimble swimmer 1), tentacles
a: Renounce Religion, Potion Petition, Call Merchant, Bribe Branch


You were on level 7 of the Dungeon.
You worshipped Gozag.
Gozag was pleased with you.
You visited 2 branches of the dungeon, and saw 8 of its levels.
You also visited: Ossuary.

You collected 783 gold pieces.
You paid 37 gold pieces to Gozag.

Inventory:

Hand Weapons
 j - a +3 short sword
 m - the +3 whip of Truncation (weapon) {speed, Str+2 Int+3 Dex+2 Stlth-}
   (You took it off a kobold on level 2 of the Dungeon)

   Str:       It affects your strength (+2).
   Int:       It affects your intelligence (+3).
   Dex:       It affects your dexterity (+2).
   Stlth:     It makes you less stealthy.
 K - a +0 rapier
Missiles
 H - a curare-tipped dart
Armour
 b - a +0 hat (worn)
 I - a +0 buckler (worn)
Magical Staves
 G - a staff of earth
Wands
 i - a wand of flame (15)
 C - a wand of paralysis (9)
 E - a wand of iceblast (5)
Scrolls
 a - a scroll of noise {unknown}
 f - 3 scrolls of identify {unknown}
 g - 3 scrolls of immolation {unknown}
 h - a scroll of silence {unknown}
 k - 6 scrolls of teleportation {unknown}
 l - 3 scrolls of blinking {unknown}
 n - a scroll of enchant weapon {unknown}
 o - a scroll of brand weapon {unknown}
 p - 2 scrolls of fear {unknown}
 s - 2 scrolls of poison {unknown}
 u - a scroll of summoning {unknown}
 v - 2 scrolls of vulnerability {unknown}
 x - a scroll of enchant armour {unknown}
 y - a scroll of fog {unknown}
 A - a scroll of torment {unknown}
Potions
 c - 2 potions of magic
 d - 3 potions of curing
 e - 5 potions of brilliance {unknown}
 q - 4 potions of mutation {unknown}
 r - a potion of heal wounds {unknown}
 t - a potion of flight {unknown}
 w - a potion of degeneration {unknown}
 z - a potion of haste {unknown}
 B - a potion of ambrosia {unknown}
 D - a potion of attraction {unknown}
 F - a potion of berserk rage {unknown}
 J - a potion of lignification {unknown}


   Skills:
 + Level 4.3 Fighting
 + Level 4.7 Dodging
 + Level 6.8 Stealth
 + Level 1.1 Shields
 + Level 5.1 Spellcasting
 + Level 4.3 Conjurations
 * Level 4.3 Summonings
 + Level 4.4 Translocations


You had 13 spell levels left.
You knew the following spells:

 Your Spells              Type           Power      Damage    Failure   Level
a - Magic Dart            Conj           100%       1d8       2%          1
b - Call Imp              Summ           50%        N/A       3%          2
c - Blink                 Tloc           52%        N/A       3%          2

Your spell library contained the following spells:

 Spells                   Type           Power      Damage    Failure   Level
 Static Discharge         Conj/Air       30%        2-4/arc   9%          2
 Slow                     Hex            20%        N/A       13%         1
 Cigotuvi's Dreadful Rot  Necr/Pois/Air  10%        N/A       21%         2
 Sublimation of Blood     Necr           5%         N/A       21%         2
 Mephitic Cloud           Conj/Pois/Air  12%        N/A       22%         3
 Confusing Touch          Hex            5%         N/A       36%         3
 Vampiric Draining        Necr           5%         2d6       36%         3
 Summon Ice Beast         Ice/Summ       15%        N/A       47%         4
 Summon Lightning Spire   Summ/Air       15%        N/A       47%         4
 Airstrike                Air            2%         2d(1-17)  78%         4
 Anguish                  Hex/Necr       2%         N/A       78%         4
 Cause Fear               Hex            2%         N/A       78%         4
 Petrify                  Tmut/Erth      5%         N/A       78%         4
 Irradiate                Conj/Tmut      7%         3d14      83%         5
 Summon Mana Viper        Hex/Summ       15%        N/A       83%         5
 Enfeeble                 Hex            2%         N/A       100%        7
 Monstrous Menagerie      Summ           12%        N/A       100%        7


Dungeon Overview and Level Annotations

Branches:
Dungeon (7/15)             Temple (1/1) D:4         Ossuary (visited)

Altars:
Ashenzari
Cheibriados
Dithmenos
Elyvilon
Fedhas
Gozag
Hepliaklqana
Kikubaaqudgha
Makhleb
Nemelex Xobeh
Okawaru
Qazlal
Ru
Sif Muna
Trog
Uskayaw
Vehumet
Xom
Yredelemnul
Zin
The Shining One

Annotations:
D:4 exclusion: statue


Innate Abilities, Weirdness & Mutations

You cannot wear most types of armour.
You are amphibious.
You can wear up to eight rings at the same time.
Your skin changes colour to match your surroundings (Stealth+).
Your rubbery body absorbs attacks. (AC +1, EV +1)
((You are camouflaged when in or above water. (Stealth+)))
You have tentacles for arms and can constrict up to eight enemies at once.


Message History

The wight is heavily damaged.
You constrict the wight, but do no damage.
Your cerulean imp hits the wight with a -1 spear.
The wight hits your cerulean imp but does no damage.
You hit the wight. Your grab misses the wight.
The wight is moderately damaged.
You constrict the wight.
Your cerulean imp hits the wight with a -1 spear.
The wight hits your cerulean imp with a +0 mace!
Your cerulean imp dies!
Your cerulean imp disappears in a puff of smoke!
The wight hits you with a +1 hand axe.
You hit the wight. Your grab misses the wight.
The wight is moderately damaged.
You constrict the wight. You hit the wight. You grab the wight.
The wight is moderately damaged.
You constrict the wight. x2
You destroy the wight!
The wight hits you with a +1 hand axe.
Your life force feels restored.
You whack the wight!
You squeeze the wight, but do no damage.
The wight is almost destroyed.
You constrict the wight, but do no damage.
You block the wight's attack.
You hit the wight but do no damage.
The wight is almost destroyed.
You constrict the wight, but do no damage.
The wight hits you with a +1 hand axe!
* * * LOW HITPOINT WARNING * * *
You hit the wight.
The wight is almost destroyed.
You constrict the wight, but do no damage.
You hit the wight but do no damage.
The wight is almost destroyed.
You constrict the wight, but do no damage.
The wight hits you with a +1 hand axe!
You die...
Your body crumbles into a pile of gold.

#...........#
#.#########.##########
#.# #####............
#.# #......##........
#.# #.###..##..####.#
#.# ##.###..##..### #
##.###...........#.##.#
#........##..##.#.#.##.
#.....@..........###ยง#.
#...##z$.##..####.#5##.
......##...##..# #..5..
#..<...>..... ##...)
#..###.##.##.#.
........<. ...# #.##.#
.# .######..## #.#
#.##.# .# . .....# #..
###.## #.#


You could see a wight.

Vanquished Creatures
  A wyvern (D:7)
  A sky beast (D:6)
  A black bear (D:5)
  An ogre (D:5)
  2 phantoms
  A kobold brigand (D:6)
  3 scorpions
  2 wights (D:7)
  2 centaur zombies (Ossuary)
  4 hounds
  A jelly (D:5)
  2 gnoll boudas
  Jessica (D:2)
  5 iguanas
  2 orc wizards
  3 ogre zombies (Ossuary)
  8 mummies
  Robin (D:2)
  12 gnolls
  7 adders
  3 adder zombies (Ossuary)
  A worm (D:5)
  2 dart slugs
  10 orcs
  6 bats
  3 endoplasms
  3 giant cockroaches
  2 gnoll zombies (Ossuary)
  14 goblins
  13 hobgoblins
  7 jackals
  11 kobolds
  3 quokkas
  8 ball pythons
  5 frilled lizards
  A goblin zombie (Ossuary)
  7 hobgoblin zombies
  6 kobold zombies (Ossuary)
  An orc zombie (D:5)
  4 quokka zombies (Ossuary)
  22 rats
  3 rat zombies (Ossuary)
195 creatures vanquished.

Vanquished Creatures (collateral kills)
  An ogre (D:4)
  A phantom (D:6)
  2 gnolls
  An orc (D:6)
  A hobgoblin (D:2)
  A goblin (D:2)
7 creatures vanquished.

Grand Total: 202 creatures vanquished

Notes
Turn   | Place    | Note
-------+----------+-------------------------------------------
     0 | D:1      | voltaire321 the Octopode Hedge Wizard began the quest for
                  | the Orb.
     0 | D:1      | Reached XP level 1. HP: 11/11 MP: 4/4
   180 | D:1      | Reached XP level 2. HP: 10/18 MP: 0/6
   282 | D:1      | Reached skill level 3 in Stealth
   634 | D:1      | Reached XP level 3. HP: 21/22 MP: 7/7
   670 | D:1      | Learned a level 2 spell: Call Imp
   673 | D:1      | Learned a level 2 spell: Blink
   926 | D:2      | Noticed Jessica
   935 | D:2      | Killed Jessica
   936 | D:2      | Reached skill level 1 in Fighting
  1048 | D:2      | Reached XP level 4. HP: 28/28 MP: 5/8
  1128 | D:2      | Noticed Robin
  1169 | D:2      | Killed Robin
  1490 | D:2      | Identified the +3 whip of Truncation {speed, Str+2 Int+3
                  | Dex+2 Stlth-}
  1508 | D:2      | Found a faded altar of an unknown god.
  1779 | D:3      | Reached XP level 5. HP: 30/33 MP: 10/10
  1867 | D:3      | Found an ancient bone altar of Kikubaaqudgha.
  2017 | D:3      | Found a hazy altar of Hepliaklqana.
  2399 | D:4      | Reached skill level 4 in Stealth
  2415 | D:4      | Reached XP level 6. HP: 16/39 MP: 8/11
  2915 | D:4      | Reached XP level 7. HP: 13/45 MP: 9/12
  2925 | D:4      | HP: 1/45 [orc/+0 whip (4)]
  3078 | D:4      | Found a staircase to the Ecumenical Temple.
  3106 | Temple   | Entered the Ecumenical Temple
  3404 | D:4      | Found a radiant altar of Vehumet.
  4133 | Temple   | Became a worshipper of Gozag Ym Sagoz the Greedy
  4182 | D:5      | Entered Level 5 of the Dungeon
  4236 | D:5      | Reached skill level 5 in Stealth
  4253 | D:5      | Found a sand-covered staircase.
  4275 | Ossuary  | Entered an ossuary
  4996 | Ossuary  | Reached XP level 8. HP: 41/52 MP: 6/14
  5377 | D:5      | Found a blossoming altar of Fedhas.
  5612 | D:5      | Reached skill level 6 in Stealth
  6209 | D:6      | Found an iron altar of Okawaru.
  6409 | D:6      | Reached XP level 9. HP: 58/58 MP: 13/16
  6741 | D:7      | Reached skill level 5 in Spellcasting
  6903 | D:7      | Reached skill level 1 in Shields
  7038 | D:7      | Slain by a wight

Illustrated notes

Levels and vault maps discovered:
D:1:      sevenhm_arrival_forest_fort_small_3, layout_basic,
          grunt_decor_resistance
D:2:      layout_basic, shapermc_ecumenical_altar_starsandcircs, uniq_jessica,
          uniq_robin
D:3:      layout_basic, nicolae_hepliaklqana_hazy_memory,
          mainiacjoe_overflow_alcove_1, minmay_crystal_water, st_stairs_4,
          nicolae_kite_square_tiling_tiny, minmay_rat_hole
D:4:      minmay_spotlight, layout_basic, vehumet_statue,
          minmay_temple_entry_junction_2, minivault_1
D:5:      layout_rooms, mainiacjoe_overflow_brackets,
          nicolae_ossuary_entry_giza, minmay_misc_feat_enclosed,
          kennysheep_small_square
D:6:      layout_basic, okawaru_trees_2
D:7:      layout_loops_ring, lemuel_doored_altar
Temple:   nicolae_temple_slightly_damp_pantheon

Skill      XL: |  1  2  3  4  5  6  7  8  9 |
---------------+----------------------------+-----
Stealth        | 3 4 5 6 |  6.8
Fighting       | 1 2 3 4 |  4.3
Conjurations   | 2 3 4 |  4.3
Summonings     | 2 3 4 |  4.3
Translocations | 2 3 4 |  4.4
Dodging        | 3 4 |  4.7
Spellcasting   | 4 5 |  5.1
Shields        | 1 |  1.1

Action                     |  1- 3 |  4- 6 |  7- 9 || total
---------------------------+-------+-------+-------++-------
  Melee: Dagger            |    45 |     4 |       ||    49
         Constrict         |    11 |    31 |    61 ||   103
         Tentacles         |     9 |    20 |    96 ||   125
         Whip              |       |   110 |   297 ||   407
         Short sword       |       |    16 |       ||    16
         Punch             |       |     3 |     8 ||    11
   Cast: Magic Dart        |    24 |    32 |    39 ||    95
         Call Imp          |     1 |     6 |    17 ||    24
    Use: Potion            |       |       |     2 ||     2
   Stab: Sleeping          |     2 |     5 |    18 ||    25
         Distracted        |       |     1 |     5 ||     6
 Armour: Skin              |     7 |     7 |    10 ||    24
  Dodge: Dodged            |    27 |    72 |   112 ||   211
  Block: Buckler           |       |       |     8 ||     8

Table legend: (Time is in decaauts)
 A = Elapsed time spent in this place.
 B = Non-inter-level travel time spent in this place.
 C = Inter-level travel time spent in this place.
 D = Time resting spent in this place.
 E = Time spent auto-exploring this place.
 F = Levels seen in this place.
 G = Mean time per level.
                   A        B        C        D        E       F      G
               +--------+--------+--------+--------+--------+-----+--------+
         Total |   6930 |   6656 |    274 |   1111 |   3909 |   9 |  770.0 |
       Dungeon |   5906 |   5677 |    229 |    978 |   3433 |   7 |  843.7 |
        Temple |    268 |    223 |     45 |      0 |    150 |   1 |  268.0 |
       Ossuary |    756 |    756 |      0 |    133 |    326 |   1 |  756.0 |
               +--------+--------+--------+--------+--------+-----+--------+

Top non-repeatable levels by time:
     D:4: 1563 daAuts
     D:1: 882 daAuts
     D:5: 875 daAuts
     D:2: 811 daAuts
     D:6: 807 daAuts
 Ossuary: 756 daAuts
     D:3: 657 daAuts
     D:7: 308 daAuts
  Temple: 268 daAuts
